 Dungeon Crawl Stone Soup version 0.27-a0-531-gb72ec1a1b6 (webtiles) character file.

Game seed: 11635322505969031587

1803 jestyr24 the Thaumaturge (level 8, 0/44 HPs)
             Began as a Deep Elf Conjurer on Feb 20, 2021.
             Was an Initiate of Vehumet.
             Slain by a two-headed ogre
             ... wielding a +0 giant club
              (23 damage)
             ... on level 7 of the Dungeon on Mar 5, 2021.
             The game lasted 01:00:01 (8274 turns).

jestyr24 the Thaumaturge (Deep Elf Conjurer)        Turns: 8274, Time: 01:00:02

Health: 0/44       AC:  8    Str:  6    XL:     8   Next: 83%
Magic:  27/32      EV: 13    Int: 28    God:    Vehumet [......]
Gold:   582        SH:  5    Dex: 13    Spells: 19/26 levels left

rFire    . . .     SeeInvis .   b - +3 hunting sling "Conservator" {venom, rC+ Will+ Stlth+}
rCold    + . .     Faith    .   (no shield)
rNeg     . . .     Spirit   .   Q - +0 robe
rPois    .         Reflect  +   H - +0 helmet
rElec    .         Harm     .   P - scarf {repulsion}
rCorr    +         Rampage  .   t - +2 pair of gloves
Will     +....                  n - +1 pair of boots
Stlth    ++++......             d - amulet of reflection
HPRegen  0.14/turn              M - ring of magical power
MPRegen  0.23/turn              v - ring of resist corrosion

@: repel missiles
A: clever 1, strong 1
a: Renounce Religion


You were on level 7 of the Dungeon.
You worshipped Vehumet.
Vehumet was noncommittal.
You visited 2 branches of the dungeon, and saw 9 of its levels.
You also visited: Ossuary.

You collected 582 gold pieces.

Inventory:

Hand Weapons
 a - a +3 dagger of pain
 b - the +3 hunting sling "Conservator" (weapon) {venom, rC+ Will+ Stlth+}
   (You found it on level 5 of the Dungeon)

   It poisons the ammo it fires.
   It protects you from cold.
   It affects your willpower, your defense against some magical effects.
   It makes you more stealthy.
 c - the +10 dagger of a bazaar {vorpal, rElec rPois}
   (You found it on level 8 of the Dungeon)

   It inflicts extra damage upon your enemies.
   It insulates you from electricity.
   It protects you from poison.
Missiles
 y - 8 atropa-tipped darts
 U - 176 stones (quivered ammo)
 V - 46 sling bullets
Armour
 e - a +0 kite shield
 n - a +1 pair of boots (worn)
 t - a +2 pair of gloves (worn)
 H - a +0 helmet (worn)
 P - a scarf of repulsion (worn)
 Q - a +0 robe (worn)
 W - a +2 leather armour of poison resistance
Jewellery
 d - an amulet of reflection (around neck)
 h - a ring of flight
 p - a ring of positive energy
 v - a ring of resist corrosion (right hand)
 M - a ring of magical power (left hand)
 R - a +6 ring of dexterity
Scrolls
 f - 6 scrolls of identify
 l - 5 scrolls of teleportation
 s - a scroll of fear
 w - 2 scrolls of magic mapping
 E - a scroll of fog
 N - a scroll of enchant armour
Potions
 g - 2 potions of magic {unknown}
 i - 2 potions of invisibility {unknown}
 j - 3 potions of attraction {unknown}
 m - a potion of mutation
 q - 2 potions of heal wounds {unknown}
 u - 2 potions of haste {unknown}
 x - 4 potions of curing
 z - a potion of degeneration {unknown}
 A - 2 potions of brilliance {unknown}
 B - 2 potions of flight {unknown}
 C - a potion of resistance {unknown}
 G - 2 potions of might {unknown}
 I - a potion of ambrosia {unknown}
 L - 3 potions of lignification {unknown}


   Skills:
 * Level 2.0 Fighting
 - Level 0.2 Short Blades
 - Level 0.6 Slings
 + Level 4.0 Dodging
 + Level 5.4 Stealth
 + Level 0.7 Shields
 + Level 9.8 Spellcasting
 - Level 7.4 Conjurations
 + Level 1.5 Hexes
 * Level 2.7 Necromancy
 * Level 2.6 Evocations


You had 19 spell levels left.
You knew the following spells:

 Your Spells              Type           Power      Damage    Failure   Level
a - Magic Dart            Conj           100%       1d8       1%          1
b - Searing Ray           Conj           100%       3d7       1%          2
c - Fulminant Prism       Conj/Hex       19%        3d11      6%          4

Your spell library contained the following spells:

 Spells                   Type           Power      Damage    Failure   Level
 Dazzling Flash           Conj/Hex       78%        N/A       1%          3
 Iskenderun's Mystic Bla  Conj/Tloc      34%        2d8       9%          4


Dungeon Overview and Level Annotations

Branches:
Dungeon (8/15)             Temple (1/1) D:5         Ossuary (visited)
   Lair: D:8-11

Altars:
Cheibriados
Dithmenos
Elyvilon
Gozag
Hepliaklqana
Kikubaaqudgha
Makhleb
Nemelex Xobeh
Okawaru
Qazlal
Ru
Uskayaw
Vehumet
Wu Jian
Xom
Yredelemnul
Zin
The Shining One


Innate Abilities, Weirdness & Mutations

Your mind is acute. (Int +2)
Your muscles are strong. (Str +2)


Message History

Press: ? - help, Shift-Dir - straight line, f/p - two-headed ogre
Aim: a two-headed ogre, wielding two +0 giant clubs (8% to evade)
The searing ray hits the two-headed ogre!
The two-headed ogre is moderately wounded. (Press . to maintain the ray.)
The centaur shouts!
The centaur wields a +0 shortbow.
The centaur shoots an arrow.
The arrow hits you.
The centaur shoots an arrow.
The arrow hits you.
The centaur shoots an arrow.
You reflect the arrow off an invisible shield around you!
The arrow hits the centaur!
The centaur shoots an arrow.
The arrow completely misses you.
An ogre comes into view. It is wielding a +0 giant club.
The shadow imp shouts, "Scamper home, thou horrid nut-hook dewberry!"
The ogre shouts!
The centaur shoots an arrow.
The arrow closely misses you.
The centaur shoots an arrow.
The arrow hits you.
There is a stone staircase leading up here.
The centaur shoots an arrow.
The arrow hits you!
The centaur shoots an arrow.
The arrow closely misses you.
You climb upwards.
There is a stone staircase leading down here.
Casting: Searing Ray (safe; 1% risk of failure)
Confirm with . or Enter, or press ? or * to list all spells.
Aiming: Searing Ray (safe; 1% risk of failure)
Press: ? - help, Shift-Dir - straight line, f - two-headed ogre
Aim: a two-headed ogre, wielding two +0 giant clubs (moderately wounded, 8% to evade)
The searing ray hits the two-headed ogre!
The two-headed ogre is heavily wounded. (Press . to maintain the ray.)
The two-headed ogre hits you with a +0 giant club!
The two-headed ogre barely misses you.
The searing ray hits the two-headed ogre!
The two-headed ogre is severely wounded.
The two-headed ogre barely misses you. The two-headed ogre closely misses you.
The searing ray hits the two-headed ogre!
The two-headed ogre is almost dead.
The two-headed ogre hits you with a +0 giant club!!
Ouch! That really hurt!
You die...

.ยงยงยงยง.....[........#
...................#
......###.###.###### ......# #.#
#.################ ......#
#.###.##.............# ......#
#.##.................# ......#
#.##..##.............#
......###.##..#.O............#
................@............#
#########.###.#.....#.#.######
..................#.#.#.#
#########.###.....#.#.#.#
#......##.#.......#.#.#.#
#......##.#.##....#.#.#.#
..........#.###...#.#...#
#......####.###..##.#####
###....#.........##.#############


You could see a two-headed ogre.

Vanquished Creatures
  Duvessa (D:5)
  A water moccasin (D:8)
  A sky beast (D:5)
  An orc warrior (D:8)
  2 ogres
  2 centaurs
  A kobold brigand (D:8)
  An elf zombie (Ossuary)
  Dowan (D:5)
  2 scorpions
  A hound (D:8)
  A bullfrog skeleton (D:2)
  3 orc priests
  A centaur skeleton (D:8)
  A jelly (D:6)
  6 worker ants
  2 orc wizards (D:5)
  2 hound zombies
  3 mummies (Ossuary)
  A gnoll (D:3)
  A howler monkey skeleton (D:4)
  13 adders
  3 white imps (D:5)
  An ufetubus (D:4)
  4 oozes
  An adder skeleton (D:7)
  7 adder zombies
  3 dart slugs
  4 leopard geckos
  12 orcs
  8 bats
  A giant cockroach (D:7)
  2 gnoll zombies (Ossuary)
  11 goblins
  4 hobgoblins
  2 jackals (D:4)
  5 quokkas
  A ball python (D:1)
  6 frilled lizards
  4 goblin zombies (Ossuary)
  5 hobgoblin zombies (Ossuary)
  4 jackal zombies (Ossuary)
  12 kobolds
  2 kobold zombies (Ossuary)
  4 orc zombies (Ossuary)
  4 quokka zombies (Ossuary)
  4 rats
  A rat zombie (Ossuary)
163 creatures vanquished.

Vanquished Creatures (others)
  A kobold (D:8)
  8 fulminant prisms
9 creatures vanquished.

Grand Total: 172 creatures vanquished

Notes
Turn   | Place    | Note
-------+----------+-------------------------------------------
     0 | D:1      | jestyr24 the Deep Elf Conjurer began the quest for the Orb.
     0 | D:1      | Reached XP level 1. HP: 10/10 MP: 6/6
   162 | D:1      | Reached XP level 2. HP: 15/15 MP: 2/8
   165 | D:1      | Learned a level 2 spell: Searing Ray
   757 | D:2      | Reached skill level 5 in Conjurations
   816 | D:2      | Found a sparkling altar of Nemelex Xobeh.
   917 | D:2      | Reached XP level 3. HP: 19/19 MP: 7/9
  1000 | D:2      | Found a hazy altar of Hepliaklqana.
  1472 | D:3      | Reached XP level 4. HP: 24/24 MP: 7/11
  1791 | D:3      | Reached skill level 4 in Spellcasting
  2086 | D:3      | Reached XP level 5. HP: 28/28 MP: 10/13
  2266 | D:3      | Found an ancient bone altar of Kikubaaqudgha.
  2417 | D:3      | Found an iron altar of Okawaru.
  2468 | D:4      | Upgraded the game from 0.27-a0-394-g49c82dfaf2 to
                  | 0.27-a0-512-g57cc695410
  2606 | D:4      | Found a sand-covered staircase.
  2660 | Ossuary  | Entered an ossuary
  2695 | Ossuary  | Reached skill level 5 in Spellcasting
  2991 | Ossuary  | Reached XP level 6. HP: 32/32 MP: 12/16
  3505 | D:4      | Upgraded the game from 0.27-a0-512-g57cc695410 to
                  | 0.27-a0-531-gb72ec1a1b6
  3597 | D:4      | Reached skill level 6 in Spellcasting
  3643 | D:4      | Gained mutation: You are frail. (-10% HP) [potion of
                  | mutation]
  3643 | D:4      | Gained mutation: You are partially covered in icy blue
                  | scales. (AC +2) [potion of mutation]
  3643 | D:4      | Gained mutation: You are agile. (Dex +2) [potion of
                  | mutation]
  3644 | D:4      | Lost mutation: You are agile. (Dex +2) [potion of mutation]
  3644 | D:4      | Lost mutation: You are partially covered in icy blue
                  | scales. (AC +2) [potion of mutation]
  3644 | D:4      | Lost mutation: You are frail. (-10% HP) [potion of
                  | mutation]
  3644 | D:4      | Gained mutation: Your mind is acute. (Int +2) [potion of
                  | mutation]
  3644 | D:4      | Gained mutation: Your muscles are strong. (Str +2) [potion
                  | of mutation]
  3839 | D:4      | Learned a level 4 spell: Fulminant Prism
  3856 | D:4      | Identified the +1 pair of boots of Restlessness {Rampage
                  | *Slow +Blink Str-3}
  4328 | D:5      | Entered Level 5 of the Dungeon
  4383 | D:5      | Reached XP level 7. HP: 36/36 MP: 6/19
  4491 | D:5      | Reached skill level 7 in Spellcasting
  4787 | D:5      | Found a sparkling altar of Nemelex Xobeh.
  4810 | D:5      | Noticed Duvessa
  4821 | D:5      | Noticed Dowan
  4835 | D:5      | Killed Duvessa
  4838 | D:5      | Killed Dowan
  4839 | D:5      | Reached skill level 8 in Spellcasting
  5095 | D:5      | Found a staircase to the Ecumenical Temple.
  5100 | Temple   | Entered the Ecumenical Temple
  5241 | Temple   | Became a worshipper of Vehumet
  5322 | D:5      | Reached XP level 8. HP: 41/41 MP: 22/22
  5539 | D:5      | Identified the +3 hunting sling "Conservator" {venom, rC+
                  | Will+ Stlth+}
  5545 | D:5      | Found a burning altar of Makhleb.
  5545 | D:5      | Noticed a cacodemon
  5984 | D:2      | Found a hide-covered altar of Uskayaw.
  5984 | D:2      | Found a sacrificial altar of Ru.
  6300 | D:6      | Reached skill level 5 in Stealth
  6804 | D:7      | Reached skill level 1 in Fighting
  6804 | D:7      | Reached skill level 9 in Spellcasting
  6955 | D:7      | Reached skill level 1 in Hexes
  7028 | D:7      | Reached skill level 1 in Necromancy
  7137 | D:7      | Found a snail-covered altar of Cheibriados.
  7537 | D:8      | Identified the +10 dagger of a bazaar {vorpal, rElec rPois}
  7548 | D:8      | Reached skill level 1 in Evocations
  7794 | D:8      | Found a white marble altar of Elyvilon.
  8260 | D:8      | Noticed a two-headed ogre
  8274 | D:7      | Slain by a two-headed ogre

Illustrated notes

Levels and vault maps discovered:
D:1:      elethiomel_arrival_quiet, layout_basic, hangedman_abyss_or_decor_stabs
D:2:      layout_loops_ring, nemelex_xobeh_ov_fountains_minmay,
          nicolae_overflow_hidden_temple, lemuel_crystal_altar, serial_glass,
          glass_columns_a, glass_columns_c
D:3:      layout_basic, nicolae_overflow_crystal_walls, marbit_many_paths,
          minmay_misc_feat_room, minivault_25, minmay_joined_circles
D:4:      layout_gridville, nicolae_ossuary_entry_false_entrances
D:5:      layout_rooms, makhleb_altar_promises_db,
          minmay_temple_entry_proselytizer, basic_altar,
          kennysheep_decorative_pillar, uniq_duvessa
D:6:      layout_basic, minmay_ogre_servants
D:7:      layout_basic, general_overflow_altar
D:8:      lemuel_insect_pit, layout_gridville, elyvilon_altar_4,
          lemuel_coloured_pillars_altar
Temple:   minmay_temple_curvy_loop

Skill      XL: |  1  2  3  4  5  6  7  8 |
---------------+-------------------------+-----
Conjurations   | 5 6 7 |  7.4
Stealth        | 3 4 5 |  5.4
Spellcasting   | 4 5 6 8 9 |  9.8
Dodging        | 3 4 |  4.0
Fighting       | 2 |  2.0
Hexes          | 1 |  1.5
Necromancy     | 2 |  2.7
Evocations     | 2 |  2.6
Short Blades   | |  0.2
Slings         | |  0.6
Shields        | |  0.7

Action                   |  1- 3 |  4- 6 |  7- 9 || total
-------------------------+-------+-------+-------++-------
Melee: Short sword       |       |    39 |    11 ||    50
       Dagger            |       |       |     2 ||     2
 Fire: Hunting sling     |       |       |    42 ||    42
 Cast: Magic Dart        |    38 |    59 |    48 ||   145
       Searing Ray       |     1 |    44 |    27 ||    72
       Fulminant Prism   |       |     1 |     7 ||     8
  Use: Potion            |       |     2 |       ||     2
       Scroll            |       |     1 |    12 ||    13
 Stab: Sleeping          |       |     1 |       ||     1
Armor: Robe              |     2 |    12 |     8 ||    22
Dodge: Dodged            |     2 |    34 |    28 ||    64
Block: Other             |       |    12 |     7 ||    19
       Reflection        |       |       |     4 ||     4

Table legend: (Time is in decaauts)
 A = Elapsed time spent in this place.
 B = Non-inter-level travel time spent in this place.
 C = Inter-level travel time spent in this place.
 D = Time resting spent in this place.
 E = Time spent auto-exploring this place.
 F = Levels seen in this place.
 G = Mean time per level.
                   A        B        C        D        E       F      G
               +--------+--------+--------+--------+--------+-----+--------+
         Total |   8294 |   7716 |    578 |   1761 |   4151 |  10 |  829.4 |
       Dungeon |   7418 |   6886 |    532 |   1396 |   4016 |   8 |  927.2 |
        Temple |    188 |    142 |     46 |      0 |    135 |   1 |  188.0 |
       Ossuary |    688 |    688 |      0 |    365 |      0 |   1 |  688.0 |
               +--------+--------+--------+--------+--------+-----+--------+

Top non-repeatable levels by time:
     D:4: 1475 daAuts
     D:3: 1300 daAuts
     D:5: 1058 daAuts
     D:7: 992 daAuts
     D:1: 801 daAuts
     D:2: 707 daAuts
 Ossuary: 688 daAuts
     D:6: 555 daAuts
     D:8: 526 daAuts
  Temple: 188 daAuts
